 Dungeon Crawl Stone Soup version 0.14-a0-1844-g8283a67 (webtiles) character file.

122 Bloax the Ruffian (level 4, -1/40 HPs)
             Began as a Minotaur Monk on Jan 12, 2014.
             Slain by a gnoll
             ... wielding a +0,+0 spear
              (5 damage)
             ... on Level 4 of the Dungeon.
             The game lasted 00:05:33 (799 turns).

Bloax the Ruffian (Minotaur Monk)                    Turns: 799, Time: 00:05:33

HP  -1/40        AC  5     Str 16      XL: 4   Next:  3%
MP   2/2         EV  7     Int  7      God:
Gold 52          SH 15     Dex 13      Spells:  0 memorised,  3 levels left

rFire  . . .     SeeInvis .       - Unarmed
rCold  . . .     Clarity  .     k - +0 ring mail
rNeg   . . .     Conserve .     l - +0 shield
rPois  +         rCorr    .     (helmet restricted)
rElec  .         rRot     .     (no cloak)
SustAb . .       Spirit   .     (no gloves)
rMut   .         Warding  .     (no boots)
Saprov . . .     Stasis   .     (no amulet)
                                o - ring of poison resistance {unknown}
                                g - ring of protection from magic {unknown}

@: somewhat resistant to hostile enchantments, very unstealthy
A: retaliatory headbutt, horns 2
a: no special abilities


You were on level 4 of the Dungeon.
You were not hungry.

You visited 1 branch of the dungeon, and saw 4 of its levels.

You collected 52 gold pieces.


Innate Abilities, Weirdness & Mutations

You reflexively headbutt those who attack you in melee.
You have a pair of horns on your head.


   Skills:
 - Level 4.1 Fighting
 * Level 4.4 Dodging
 - Level 1.5 Stealth
 + Level 0.5 Shields
 * Level 5.0 Unarmed Combat


You had 3 spell levels left.
You didn't know any spells.

Dungeon Overview and Level Annotations

Branches:
Dungeon (4/16)
 Temple: D:4-7

Altars:

Annotations:
D:1 26 exclusions

Inventory:

Armour
 k - a +0 ring mail (worn)
   (You found it on level 3 of the Dungeon)
 l - a +0 shield (worn)
   (You found it on level 3 of the Dungeon)
Comestibles
 b - 2 bread rations
Scrolls
 a - a scroll of enchant weapon II
Jewellery
 g - a ring of protection from magic (left hand) {unknown}
   (You found it on level 1 of the Dungeon)
 o - a ring of poison resistance (right hand) {unknown}
   (You found it on level 3 of the Dungeon)
 p - an uncursed ring of invisibility
   (You took it off a kobold on level 3 of the Dungeon)
Potions
 c - a potion of heal wounds {unknown}
 e - a potion of might {unknown}
 f - 3 potions of curing {unknown}
 i - a potion of degeneration {unknown}
 j - a potion of speed {unknown}

#....
###....
.....
.(..
#.G #?#
#.# #g#
#@# #.#
#.# #.#
## #.#
.# #.#
.# #
#.# .#
.# #.#
#.##
#.# #.#


You could see a giant eyeball and a gnoll.


Message History

You hit the gnoll.
You kill the gnoll!
The gnoll hits you but does no damage. You block the gnoll's attack.
Things that are here:
a halberd; a gnoll corpse; a throwing net [frayed]; 15 bolts
d - a throwing net [frayed]
The gnoll hits you but does no damage.
You hit the gnoll.
The gnoll is lightly wounded.
The gnoll hits you with a spear.
* * * LOW HITPOINT WARNING * * *
You barely miss the gnoll.
The gnoll is lightly wounded.
Your shield and ring mail prevent you from hitting the gnoll.
The gnoll is lightly wounded.
The gnoll hits you with a spear.
* * * LOW HITPOINT WARNING * * *
You closely miss the gnoll. You headbutt the gnoll!
You kill the gnoll!
Your Unarmed Combat skill increases to level 5!
You hit the giant cockroach but do no damage.
The giant cockroach bites you.
* * * LOW HITPOINT WARNING * * *
You closely miss the giant cockroach. You headbutt the giant cockroach.
You kill the giant cockroach!
You closely miss the gnoll.
The gnoll unwields an uncursed club.
The gnoll drops an uncursed club.
The gnoll picks up a spear.
The gnoll wields a spear.
Your shield and ring mail prevent you from hitting the gnoll.
The gnoll hits you but does no damage.
You closely miss the gnoll. The gnoll barely misses you.
You furiously retaliate!
You headbutt the gnoll! You hit the gnoll.
You kill the gnoll!
You have reached level 4!
You feel stronger.
Throwing (i - inventory):
d - a throwing net [frayed] (quivered)
Aim: a gnoll You throw a throwing net [frayed].
The throwing net [frayed] misses the gnoll.
The gnoll picks up a spear.
The gnoll wields a spear.
Unknown command.
You hit the gnoll.
The gnoll is moderately wounded.
The gnoll hits you with a spear.
* * * LOW HITPOINT WARNING * * *
You barely miss the gnoll.
You headbutt the gnoll, but do no damage.
The gnoll is moderately wounded.
The gnoll hits you with a spear.
* * * LOW HITPOINT WARNING * * *
A giant eyeball comes into view.
You closely miss the gnoll.
The gnoll is moderately wounded.
The gnoll hits you but does no damage.
Unknown command.
Your shield prevents you from hitting the gnoll.
The gnoll is moderately wounded.
You block the gnoll's attack.
Unknown command.
You hit the gnoll. You headbutt the gnoll.
The gnoll is heavily wounded.
The gnoll hits you with a spear!
* * * LOW HITPOINT WARNING * * *
Unknown command.
Your shield and ring mail prevent you from hitting the gnoll.
The gnoll is heavily wounded.
The gnoll hits you with a spear.
You die...

Action                   |  1- 3 |  4- 6 || total
-------------------------+-------+-------++-------
Melee: Unarmed           |    88 |     6 ||    94
Throw: Throwing net      |     1 |     1 ||     2
  Use: Scroll            |     7 |       ||     7

Vault maps used:
D:1:      minmay_arrival_semitransparent
D:2:      minitemple, lemuel_round_altar, hangedman_decor_points, sigmund_army,
          Guppyfry_Hobgoblin_minivault, uniq_crazy_yiuf_cottage
D:3:      st_stairs_13
D:4:      first_bread, nemelex_lonely_heart_becter

Notes
Turn   | Place    | Note
--------------------------------------------------------------
     0 | D:1      | Bloax, the Minotaur Monk, began the quest for the Orb.
     0 | D:1      | Reached XP level 1. HP: 19/19 MP: 1/1
    96 | D:1      | Reached XP level 2. HP: 20/27 MP: 1/1
   203 | D:1      | Nice corridor.
   490 | D:3      | Reached skill level 4 in Dodging
   490 | D:3      | Reached XP level 3. HP: 24/33 MP: 2/2
   516 | D:3      | Reached skill level 4 in Fighting
   786 | D:4      | Reached skill level 5 in Unarmed Combat
   792 | D:4      | Reached XP level 4. HP: 15/40 MP: 2/2
   795 | D:4      | HP: 10/40 [gnoll/spear (1)]
   798 | D:4      | HP: 4/40 [gnoll/spear (7)]
   799 | D:4      | Slain by a gnoll

Vanquished Creatures
  An adder (D:3)
  3 gnolls (D:4)
  A giant gecko (D:1)
  4 orcs (D:3)
  2 ball pythons (D:1)
  3 bats
  3 hobgoblins
  A giant cockroach (D:4)
  2 giant newts
  3 goblins
  A jackal (D:2)
  5 kobolds
  A rat (D:3)
30 creatures vanquished.
